 Dungeon Crawl Stone Soup version 0.28.0 (webtiles) character file.

Game seed: 477303490940058169

94 trckry the Sneak (level 4, -4/24 HPs)
             Began as a Kobold Enchanter on Feb 11, 2022.
             Slain by Sigmund (11 damage)
             ... on level 3 of the Dungeon.
             The game lasted 00:06:09 (2452 turns).

trckry the Sneak (Kobold Enchanter)                 Turns: 2452, Time: 00:06:10

Health: -4/24      AC:  7    Str:  5    XL:     4   Next: 94%
Magic:  2/7        EV: 15    Int: 18    God:
Gold:   55         SH:  0    Dex: 15    Spells: 6/8 levels left

rFire   . . .      SeeInvis .   a - +1 dagger
rCold   . . .      Faith    .   (no shield)
rNeg    + . .      Spirit   .   h - +0 robe
rPois   .          Reflect  .   (no helmet)
rElec   .          Harm     .   (no cloak)
rCorr   .          Rampage  .   (no gloves)
Will    .....                   j - +0 pair of boots
Stlth   ++........              (no amulet)
HPRegen 0.08/turn               e - +4 ring of protection
MPRegen 0.10/turn               n - ring of positive energy

@: confused
A: small, no large weapons, nightstalker 3
a: no special abilities


You were on level 3 of the Dungeon.
You visited 1 branch of the dungeon, and saw 3 of its levels.

You collected 55 gold pieces.

Inventory:

Hand Weapons
 a - a +1 dagger (weapon)
 b - a +1 short sword of holy wrath
Missiles
 d - a throwing net (quivered)
Armour
 h - a +0 robe (worn)
 j - a +0 pair of boots (worn)
Jewellery
 e - a +4 ring of protection (left hand)
 n - a ring of positive energy (right hand)
Scrolls
 f - 3 scrolls of identify {unknown}
 g - 3 scrolls of noise {unknown}
 l - 3 scrolls of fear {unknown}
 o - a scroll of vulnerability {unknown}
 p - a scroll of teleportation {unknown}
Potions
 c - a potion of invisibility
 i - 2 potions of heal wounds {unknown}
 k - 2 potions of degeneration {unknown}
 m - 2 potions of curing {unknown}


   Skills:
 + Level 2.4 Short Blades
 + Level 3.1 Dodging
 + Level 4.4 Stealth
 + Level 2.6 Spellcasting
 * Level 3.9 Hexes
 + Level 1.0 Ice Magic


You had 6 spell levels left.
You knew the following spells:

 Your Spells              Type           Power      Damage    Failure   Level
a - Ensorcelled Hibernat  Hex/Ice        22%        N/A       9%          2

Your spell library contained the following spells:

 Spells                   Type           Power      Damage    Failure   Level
 Confusing Touch          Hex            16%        N/A       10%         3
 Tukima's Dance           Hex            16%        N/A       10%         3
 Dazzling Flash           Conj/Hex       18%        N/A       22%         3
 Ozocubu's Armour         Ice            6%         N/A       32%         3
 Ozocubu's Refrigeration  Ice            3%         4d5       100%        7


Dungeon Overview and Level Annotations

Branches:
Dungeon (3/15)

Altars:

Shops:
D:1 ?

Annotations:
D:3 Sigmund


Innate Abilities, Weirdness & Mutations

You are small and have problems with some larger weapons.
You are completely attuned to the shadows.


Message History

Aiming: Ensorcelled Hibernation (safe; 9% risk of failure)
Press: ? - help, Shift-Dir - straight line, f - orc wizard
Aim: an orc wizard, wielding a +0 dagger and wearing a +0 robe (wandering, hasn't noticed you, chance to affect: 45%)
The orc wizard shouts!
The orc wizard resists with some effort.
Casting: Ensorcelled Hibernation (safe; 9% risk of failure)
Confirm with . or Enter, or press ? or * to list all spells.
Aiming: Ensorcelled Hibernation (safe; 9% risk of failure)
Press: ? - help, Shift-Dir - straight line, f/p - orc wizard
Aim: an orc wizard, wielding a +0 dagger and wearing a +0 robe (chance to affect: 45%)
You miscast Ensorcelled Hibernation.
You are very lightly contaminated with residual magic.
Nothing appears to happen.
Casting: Ensorcelled Hibernation (safe; 9% risk of failure)
Confirm with . or Enter, or press ? or * to list all spells.
Aiming: Ensorcelled Hibernation (safe; 9% risk of failure)
Press: ? - help, Shift-Dir - straight line, f - Sigmund, p - orc wizard
Aim: Sigmund, wielding a +2 scythe of protection and wearing a +2 robe of cold resistance (not susceptible)
Okay, then.
Casting: Ensorcelled Hibernation (safe; 9% risk of failure)
Confirm with . or Enter, or press ? or * to list all spells.
Aiming: Ensorcelled Hibernation (safe; 9% risk of failure)
Press: ? - help, Shift-Dir - straight line, f/p - orc wizard
Aim: an orc wizard, wielding a +0 dagger and wearing a +0 robe (chance to affect: 45%)
The orc wizard looks drowsy...
Sigmund hits you from afar with a +2 scythe of protection!
The orc wizard shouts!
Sigmund mumbles some strange words.
Sigmund flickers and vanishes!
Deactivating autopickup; reactivate with Ctrl-A.
Your magical contamination has completely faded away.
A puff of flame appears from out of thin air!
The puff of flame hits you!
* * * LOW HITPOINT WARNING * * *
The orc wizard gestures at you while chanting.
You are confused.
You bump into the rock wall.
The orc wizard hits you but does no damage.
You're too confused to move!
Something hits you!
You die...

#.# #.#.# #.# #.# #.#.#
#.# #.# #.#.######.##
#.# ##'#.#........ #.#
#####.......##.... #.#
#...#........#.... #.#
#...#........#####
##<####[..#........#####
#......@o...............
#######...........######
#....#..........#
#....#.###.####.##
#....#.#.#.#..b...
#....#.#.#.#..#.##
####.#.#......#.##
#.#.#........##
#.#.#.....#####


You could see an orc wizard.

Vanquished Creatures
  Jessica (D:2)
  4 worms
  A dart slug (D:2)
  2 orcs (D:3)
  9 ball pythons
  3 endoplasms
  3 giant cockroaches
  A goblin (D:1)
  A hobgoblin (D:3)
  10 jackals
  4 bats
  4 frilled lizards
  5 kobolds
  2 rats (D:2)
50 creatures vanquished.

Notes
Turn   | Place    | Note
-------+----------+-------------------------------------------
     0 | D:1      | trckry the Kobold Enchanter began the quest for the Orb.
     0 | D:1      | Reached XP level 1. HP: 10/10 MP: 3/3
   106 | D:1      | Reached XP level 2. HP: 15/15 MP: 5/5
   113 | D:1      | Learned a level 2 spell: Ensorcelled Hibernation
   264 | D:1      | Found Reqy's Magic Scroll Shop.
   888 | D:2      | Reached XP level 3. HP: 19/19 MP: 1/6
  1079 | D:2      | Noticed Jessica
  1083 | D:2      | Killed Jessica
  1084 | D:2      | Reached XP level 4. HP: 24/24 MP: 7/7
  1330 | D:2      | Reached skill level 1 in Ice Magic
  2292 | D:3      | Noticed Sigmund
  2452 | D:3      | Slain by Sigmund

Illustrated notes

Levels and vault maps discovered:
D:1:      zaba_arrival_water, layout_rooms, serial_shops, shop_scrolls,
          kennysheep_nondescript, chequers_mini_garden, minmay_misc_feat_iff,
          nrook_mini_vaults
D:2:      layout_basic, minmay_small_reverse_x, uniq_jessica
D:3:      layout_basic, uniq_sigmund, uniq_terence, uniq_natasha

Skill      XL: |  1  2  3  4 |
---------------+-------------+-----
Short Blades   | 2 |  2.4
Dodging        | 3 |  3.1
Ice Magic      | 1 |  1.0
Stealth        | |  4.4
Spellcasting   | |  2.6
Hexes          | |  3.9

Action                   |  1- 3 |  4- 6 || total
-------------------------+-------+-------++-------
Melee: Dagger            |    38 |    58 ||    96
       Short sword       |       |    14 ||    14
 Cast: Ensorcelled Hiber |     4 |     8 ||    12
 Stab: Sleeping          |    20 |    12 ||    32
       Distracted        |       |     1 ||     1
Armor: Robe              |     4 |    36 ||    40
Dodge: Dodged            |    20 |    90 ||   110
